 Dungeon Crawl Stone Soup version 0.14.2 (webtiles) character file.

696 rftp080 the Ruffian (level 7, -2/59 HPs)
             Began as a Troll Wizard on June 6, 2016.
             Was a Believer of Cheibriados.
             Slain by a gnoll (3 damage)
             ... on Level 5 of the Dungeon.
             The game lasted 00:08:22 (3152 turns).

rftp080 the Ruffian (Troll Wizard)                  Turns: 3152, Time: 00:08:23

HP  -2/59        AC  6     Str 21      XL: 7   Next:  1%
MP   8/8         EV 10     Int 21      God: Cheibriados [**....]
Gold 176         SH  0     Dex 13      Spells:  4 memorised,  2 levels left

rFire  . . .     SeeInvis .       - Unarmed
rCold  . . .     Clarity  .     a - +0 robe
rNeg   . . .     Conserve .     (shield restricted)
rPois  .         rCorr    .     b - +0 hat
rElec  .         rRot     .     l - +0 cloak
SustAb . .       Spirit   .     (gloves unavailable)
rMut   .         Warding  .     (boots unavailable)
Gourm  +         Stasis   .     (no amulet)
MR     .....                    (no ring)
                                (no ring)

@: repel missiles, about to teleport, very slow, not resistant to hostile
enchantments, unstealthy
A: unfitting armour, claws 3, fast metabolism 3, gourmand, regeneration 2,
saprovore 2, shaggy fur 1, tough skin 2
a: Bend Time, Renounce Religion


You were on level 5 of the Dungeon.
You worshipped Cheibriados.
Cheibriados was pleased with you.
You were completely stuffed.

You visited 1 branch of the dungeon, and saw 5 of its levels.

You collected 176 gold pieces.

Inventory:

Armour
 a - a +0 robe (worn)
 b - a +0 hat (worn)
 l - a +0 cloak (worn)
 v - a +0 robe
Comestibles
 d - 4 meat rations
 f - a pear
 k - 3 bread rations
 s - a choko
 t - a chunk of hound flesh
 x - 2 rotting chunks of jackal flesh
 z - a rotting chunk of ball python flesh
 C - 6 rotting chunks of orc flesh
Scrolls
 e - 2 scrolls of enchant weapon II {unknown}
 i - a scroll of amnesia {unknown}
 p - a scroll of enchant armour {unknown}
 q - a scroll of remove curse {unknown}
 r - 2 scrolls of random uselessness {unknown}
Jewellery
 h - an uncursed ring of sustenance {unknown}
 j - an uncursed ring of ice {unknown}
 u - an uncursed amulet of guardian spirit {unknown}
 y - an uncursed ring of protection from cold {unknown}
Potions
 g - a potion of brilliance {unknown}
 m - a potion of haste {unknown}
 n - 2 potions of heal wounds {unknown}
 w - a potion of might {unknown}
 A - a potion of berserk rage {unknown}
Books
 c - a book of Minor Magic

   Spells                             Type                      Level
   *Magic Dart                        Conjuration                  1
   *Blink                             Translocation                2
   Call Imp                           Summoning                    2
   *Repel Missiles                    Charms/Air                   2
   Slow                               Hexes                        2
   Conjure Flame                      Conjuration/Fire             3
   *Mephitic Cloud                    Conjuration/Poison/Air       3


   Skills:
 + Level 1.7 Dodging
 - Level 1.1 Stealth
 + Level 7.2 Unarmed Combat
 - Level 2.0 Spellcasting
 - Level 0.6 Conjurations
   Level 0.6 Summonings
 - Level 0.6 Translocations


You had 2 spell levels left.
You knew the following spells:

 Your Spells              Type           Power        Failure   Level  Hunger
a - Magic Dart            Conj           #...         12%         1    #......
b - Repel Missiles        Chrm/Air       #.....       21%         2    ##.....
c - Blink                 Tloc           N/A          17%         2    ##.....
d - Mephitic Cloud        Conj/Pois/Air  #.......     43%         3    ###....


Dungeon Overview and Level Annotations

Branches:
Dungeon (5/15)
 Temple: D:4-7

Altars:
Cheibriados
Fedhas
Kikubaaqudgha
Makhleb
Xom


Innate Abilities, Weirdness & Mutations

You are too large for most types of armour.
You have claws for hands.
Your metabolism is lightning-fast.
You like to eat raw meat.
You heal very quickly.
You can eat rotten meat.
You are covered in fur (AC +1).
You have very tough skin (AC +2).


Message History

The orc priest glows brightly for a moment.
The gnoll closely misses you.
The orc priest mumbles some strange prayers to Beogh against you.
Something smites you!
* * * LOW HITPOINT WARNING * * *
An orc comes into view. It is wielding a falchion.
Read which item? (? for menu, Esc to quit)
Okay, then.
You aren't carrying any items that can be evoked.
Unknown command.
Read which item? (? for menu, Esc to quit)
As you read the scroll of teleportation, it crumbles to dust.
You feel strangely unstable.
The orc shouts!
The orc hits you with a hand axe.
* * * LOW HITPOINT WARNING * * *
The goblin hits you with a club.
* * * LOW HITPOINT WARNING * * *
The gnoll hits you.
You die...

s.................
..........<...........
....).oo................
........o.................
.......o...................
...........................
.........g...................
........g.zKg...............(
.........ggg@................
...##..%.(o..##...#.......#.
. #........######.........
###......# #...).....
#.......# #.........
#.......# #.......##
#.......# #.......#
##############.......##
####..............


You could see 2 orc priests, an orc wizard, 4 gnolls, 2 orcs, a quokka zombie, a
hobgoblin, a goblin and a kobold.

Vanquished Creatures
  An ogre (D:4)
  The ghost of Freeplumber the Sneak, an average KoAs (D:3)
  A scorpion (D:4)
  A crimson imp (D:5)
  A hound (D:4)
  An orc priest (D:4)
  An orc wizard (D:4)
  2 worker ants (D:4)
  5 adders (D:2)
  A giant mite (D:3)
  3 worms
  3 giant geckos
  9 orcs
  3 giant cockroaches
  14 goblins
  7 hobgoblins
  11 jackals
  8 kobolds
  4 quokkas
  2 ball pythons
  7 bats
  4 giant newts
  4 rats
94 creatures vanquished.

Notes
Turn   | Place    | Note
--------------------------------------------------------------
     0 | D:1      | rftp080, the Troll Wizard, began the quest for the Orb.
     0 | D:1      | Reached XP level 1. HP: 16/16 MP: 3/3
   105 | D:1      | Reached skill level 1 in Unarmed Combat
   306 | D:1      | Reached XP level 2. HP: 18/24 MP: 3/3
   462 | D:1      | Learned a level 2 spell: Repel Missiles
   466 | D:1      | Learned a level 2 spell: Blink
  1174 | D:2      | Reached XP level 3. HP: 28/31 MP: 5/5
  1199 | D:2      | Reached skill level 3 in Unarmed Combat
  1322 | D:2      | Found a burning altar of Makhleb.
  1375 | D:2      | Found a snail-covered altar of Cheibriados.
  1395 | D:2      | Became a worshipper of Cheibriados the Contemplative
  1403 | D:2      | Reached XP level 4. HP: 39/39 MP: 5/5
  1496 | D:2      | Found a shimmering altar of Xom.
  1510 | D:2      | Reached skill level 4 in Unarmed Combat
  2001 | D:3      | Found an ancient bone altar of Kikubaaqudgha.
  2126 | D:3      | Found a blossoming altar of Fedhas.
  2155 | D:3      | Noticed Freeplumber's ghost (average KoAs)
  2180 | D:3      | Killed Freeplumber's ghost
  2180 | D:3      | Reached skill level 5 in Unarmed Combat
  2180 | D:3      | Reached XP level 5. HP: 41/45 MP: 6/6
  2754 | D:4      | Noticed an ogre
  2761 | D:4      | Killed an ogre
  2761 | D:4      | Reached skill level 6 in Unarmed Combat
  2761 | D:4      | Reached XP level 6. HP: 31/53 MP: 7/7
  2961 | D:4      | Learned a level 3 spell: Mephitic Cloud
  3059 | D:4      | Reached skill level 7 in Unarmed Combat
  3113 | D:5      | Entered Level 5 of the Dungeon
  3132 | D:5      | Reached XP level 7. HP: 55/59 MP: 8/8
  3152 | D:5      | HP: 1/59 [goblin/club (2)]
  3152 | D:5      | Slain by a gnoll

Action                   |  1- 3 |  4- 6 |  7- 9 || total
-------------------------+-------+-------+-------++-------
Melee: Unarmed           |   115 |   178 |     3 ||   296
 Cast: Magic Dart        |     3 |       |       ||     3
       Repel Missiles    |     2 |     2 |       ||     4
  Use: Scroll            |       |     1 |     1 ||     2
 Stab: Sleeping          |       |     2 |       ||     2
       Distracted        |       |     1 |       ||     1
